 Dungeon Crawl Stone Soup version 0.24-a0-545-gd1b266bae6 (webtiles) character file.

Game seed: 7579032046903850941

1743 Flugkiller the Summoner (level 9, -16/57 HPs)
             Began as a Barachi Summoner on Aug 18, 2019.
             Was an Initiate of Gozag.
             Demolished by a slime creature (18 damage)
             ... on level 6 of the Dungeon.
             The game lasted 00:24:12 (9470 turns).

Flugkiller the Summoner (Barachi Summoner)          Turns: 9470, Time: 00:24:12

Health: -16/57     AC:  4    Str: 13    XL:     9   Next: 5%
Magic:  4/30       EV: 11    Int: 18    God:    Gozag
Gold:   1182       SH:  0    Dex:  8    Spells: 15/25 levels left

rFire    . . .     SeeInvis +   P - +2 dagger (venom)
rCold    . . .     Gourm    .   (no shield)
rNeg     + + .     Faith    .   y - +0 leather armour "Noci" {rN++ rCorr Dex-5 SInv} (curse)
rPois    .         Spirit   .   (no helmet)
rElec    .         Reflect  .   a - +0 cloak
rCorr    +         Harm     .   (no gloves)
MR       .....                  (no boots)
Stlth    +.........             (no amulet)
HPRegen  0.19/turn              b - ring of magical power
MPRegen  0.22/turn              H - +3 ring of strength

@: can't hop, very slightly contaminated, slow
A: +LOS, swims, slowness 1, strong legs 1
a: Hop, Potion Petition, Call Merchant, Bribe Branch, Renounce Religion


You were on level 6 of the Dungeon.
You worshipped Gozag.
Gozag was most pleased with you.
You were not hungry.

You visited 1 branch of the dungeon, and saw 7 of its levels.
You also visited: Ossuary.

You collected 1395 gold pieces.
You spent 190 gold pieces at shops.
You paid 23 gold pieces to Gozag.

Inventory:

Hand Weapons
 w - a +0 great mace of crushing
   (You found it on level 6 of the Dungeon)
 G - a +0 morningstar of draining
   (You took it off an orc on level 6 of the Dungeon)
 P - a +2 dagger of venom (weapon)
   (You took it off an orc wizard on level 7 of the Dungeon)
Missiles
 d - 210 stones (quivered)
 p - 37 poisoned darts
 M - 5 curare-tipped darts
Armour
 a - a +0 cloak (worn)
   (You found it on level 5 of the Dungeon)
 l - a +1 robe of magic resistance
   (You took it off an orc wizard on level 5 of the Dungeon)
 y - the cursed +0 leather armour "Noci" (worn) {rN++ rCorr Dex-5 SInv}
   (You found it on level 6 of the Dungeon)

   It affects your dexterity (-5).
   It greatly protects you from negative energy.
   It lets you see invisible.
   It provides partial protection from all sources of acid and corrosion.
   It has a curse placed upon it.
Jewellery
 b - a ring of magical power (left hand)
   (You found it on level 1 of the Dungeon)
 E - an uncursed ring of positive energy
   (You found it on level 6 of the Dungeon)
 H - a +3 ring of strength (right hand)
   (You found it on level 6 of the Dungeon)
 K - an uncursed amulet of regeneration {unknown}
   (You found it on level 7 of the Dungeon)
Wands
 i - a wand of digging (3)
   (You found it on level 7 of the Dungeon)
 J - a wand of iceblast (6)
   (You took it off an orc priest on level 7 of the Dungeon)
 L - a wand of clouds (7)
   (You found it on level 7 of the Dungeon)
Scrolls
 f - a scroll of remove curse
 j - 2 scrolls of amnesia
 k - 3 scrolls of immolation
 m - a scroll of enchant armour
 n - a scroll of enchant weapon
 q - 2 scrolls of magic mapping
 r - 3 scrolls of teleportation
 t - a scroll of random uselessness {unknown}
 u - a scroll of blinking {unknown}
 x - a scroll of fear {unknown}
 B - a scroll of brand weapon
 F - a scroll of noise {unknown}
 O - a scroll of identify
Potions
 e - 2 potions of curing
 g - a potion of magic
 h - 3 potions of berserk rage
 o - a potion of mutation {unknown}
 s - 2 potions of brilliance
 v - a potion of haste {unknown}
 z - 3 potions of might
 A - a potion of ambrosia {unknown}
 C - 2 potions of cancellation
 D - a potion of heal wounds
 I - a potion of agility {unknown}
 N - a potion of lignification
Comestibles
 c - 7 rations


   Skills:
 - Level 2.1 Dodging
 - Level 1.7 Stealth
 + Level 8.5 Spellcasting
 + Level 8.9 Summonings
 - Level 4.8 Air Magic


You had 15 spell levels left.
You knew the following spells:

 Your Spells              Type           Power        Failure   Level  Hunger
a - Summon Small Mammal   Summ           ####         1%          1    None
b - Call Imp              Summ           #####...     1%          2    None
c - Call Canine Familiar  Summ           #####...     1%          3    None
d - Summon Lightning Spi  Summ/Air       ####....     7%          4    ###....

Your spell library contained the following spells:

 Spells                   Type           Power        Failure   Level  Hunger
 Summon Guardian Golem    Hex/Summ       ###.....     5%          3    None
 Summon Ice Beast         Ice/Summ       ###.....     19%         4    ###....


Dungeon Overview and Level Annotations

Branches:
Dungeon (7/15)
 Temple: D:4-7

Altars:
Cheibriados
Fedhas
Gozag
Makhleb
Okawaru
Qazlal
Trog
Zin

Shops:
D:5 *

Annotations:
D:5 exclusion: centaur
D:7 3 runed translucent doors, pljop's ghost, novice DsMo


Innate Abilities, Weirdness & Mutations

Shadows flee at your approach. (+LOS)
You can swim through water.
You cover ground slowly.
You can hop short distances.


Message History

Aiming: Summon Lightning Spire (safe; 7% risk of failure)
Press: ? - help, Dir - move target cursor An electric hum fills the air.
You completely miss the slime creature. The slime creature hits you.
The slime creature hits you!
Unknown command.
You feel much better. The slime creature hits you!
You thump the slime creature!
The slime creature is lightly wounded.
The slime creature closely misses you.
Your lightning spire shoots out a bolt of lightning at the slime creature!
The bolt of electricity hits the slime creature! x2
The bolt of electricity hits your lightning spire.
Your lightning spire completely resists.
The slime creature hits you!
Unknown command.
Wield which item (- for none, * to show all)? (? for menu, Esc to quit)
Your +2 dagger of venom begins to drip with poison!
P - a +2 dagger of venom (weapon)
You hit the slime creature.
The slime creature is heavily wounded.
The slime creature hits you!
* * * LOW HITPOINT WARNING * * *
You hit the slime creature but do no damage.
The slime creature is heavily wounded.
The slime creature closely misses you.
Unknown command.
Press: ? - help, v - describe, . - travel
Here: a slime creature (heavily wounded)
The floor.
You hit the slime creature.
The slime creature is poisoned.
The slime creature is heavily wounded.
The slime creature barely misses you.
You hit the slime creature.
The slime creature is heavily wounded.
Your lightning spire shoots out a bolt of lightning at the slime creature!
The bolt of electricity hits the slime creature! x2
The bolt of electricity hits your lightning spire.
Your lightning spire completely resists.
The slime creature hits your lightning spire!!
Unknown command.
You hit the slime creature.
The slime creature looks as sick as possible!
The slime creature is almost dead.
The slime creature hits you!!
* * * LOW HITPOINT WARNING * * *
Okay, then.
The slime creature hits you!!
You die...
Your body crumbles into a pile of gold.

#.#############.# #...# #.#
###.###########.#
#.##..........########
#.##..........##.....#
#.##.................#
#.##...........#.....#
#.##.......8...###.####
#.#.....@J...><# #....#
#.#.....####'### #....###
#.#....###.....# #.......
#.#....# #.._..# #....###
#####.#.#..# #.....# #....#
#.......##############....#
#.###.......# *?..* #.....#
#.# ######### #..?*##.....#
# #.# ####*#......# #


You could see a slime creature and a friendly lightning spire.

Vanquished Creatures
  An ogre (D:5)
  2 scorpions (D:6)
  A howler monkey (D:5)
  A hound (D:3)
  An orc wizard (D:7)
  A worker ant zombie (D:6)
  An ooze (D:2)
  An adder skeleton (D:7)
  An adder zombie (D:6)
  A dart slug (D:2)
  5 leopard geckos
  2 orcs
  A giant cockroach (D:4)
  2 hobgoblins
  A quokka (D:6)
  3 bats
  2 frilled lizards
  A goblin (D:3)
  5 hobgoblin zombies (Ossuary)
  A jackal skeleton (D:5)
  2 jackal zombies (Ossuary)
  2 orc zombies (Ossuary)
  6 rats
44 creatures vanquished.

Vanquished Creatures (collateral kills)
  A slime creature (D:7)
  3 sky beasts (D:6)
  An orc warrior (D:7)
  2 ice beasts
  4 phantoms
  2 ogres
  2 centaurs (D:7)
  An elf zombie (Ossuary)
  A scorpion (D:5)
  3 howler monkeys (D:7)
  2 crimson imps
  A centaur zombie (Ossuary)
  A quasit (D:6)
  3 orc priests
  A centaur skeleton (D:5)
  3 hounds
  2 jellies
  2 bullfrog skeletons
  4 orc wizards
  Jessica (D:3)
  2 iguanas
  6 worker ants
  2 big kobold zombies (Ossuary)
  2 mummies (Ossuary)
  4 gnolls (D:5)
  11 adders
  An ooze (D:3)
  2 adder zombies
  An adder skeleton (D:4)
  A worm (D:2)
  A dart slug (D:2)
  A leopard gecko (D:1)
  9 orcs
  2 giant cockroaches
  5 hobgoblins
  3 jackals (D:3)
  7 kobolds
  A ball python (D:1)
  6 bats
  2 frilled lizards (D:1)
  10 goblins
  3 goblin zombies (Ossuary)
  9 hobgoblin zombies (Ossuary)
  7 kobold zombies (Ossuary)
  3 orc zombies (Ossuary)
  8 rats
149 creatures vanquished.

Grand Total: 193 creatures vanquished

Notes
Turn   | Place    | Note
-------+----------+-------------------------------------------
     0 | D:1      | Flugkiller the Barachi Summoner began the quest for the
                  | Orb.
     0 | D:1      | Reached XP level 1. HP: 13/13 MP: 3/3
   410 | D:1      | Reached skill level 5 in Summonings
   493 | D:1      | Reached XP level 2. HP: 13/19 MP: 1/5
   588 | D:1      | Learned a level 2 spell: Call Imp
  1410 | D:2      | Reached XP level 3. HP: 23/24 MP: 2/7
  1459 | D:2      | Learned a level 3 spell: Call Canine Familiar
  1475 | D:2      | Found an opulent altar of Gozag.
  1491 | D:2      | Became a worshipper of Gozag Ym Sagoz the Greedy
  2300 | D:2      | Found a stormy altar of Qazlal.
  2460 | D:2      | Reached XP level 4. HP: 23/30 MP: 5/9
  3355 | D:3      | Found a bloodstained altar of Trog.
  3447 | D:3      | Reached XP level 5. HP: 23/35 MP: 7/12
  3491 | D:3      | Noticed Jessica
  3542 | D:3      | Killed Jessica
  3542 | D:3      | Reached skill level 5 in Spellcasting
  3803 | D:3      | Found a burning altar of Makhleb.
  3803 | D:3      | Found an iron altar of Okawaru.
  3804 | D:3      | Found a blossoming altar of Fedhas.
  3804 | D:3      | Found a snail-covered altar of Cheibriados.
  4710 | D:4      | Noticed an ogre
  4730 | D:4      | Learned a level 4 spell: Summon Lightning Spire
  5278 | D:4      | Killed an ogre
  5278 | D:4      | Reached XP level 6. HP: 41/41 MP: 6/15
  5855 | D:5      | Entered Level 5 of the Dungeon
  6041 | D:5      | Reached skill level 1 in Air Magic
  6320 | D:5      | Found a blossoming altar of Fedhas.
  6341 | D:5      | Noticed a phantom
  6404 | D:5      | Killed a phantom
  6404 | D:5      | Reached XP level 7. HP: 35/46 MP: 16/16
  6681 | D:5      | Found Woraog's Assorted Antiques.
  6686 | D:5      | Bought a scroll labeled OBIS NEOTURAG for 28 gold pieces
  6686 | D:5      | Bought a scroll labeled OBIS NEOTURAG for 28 gold pieces
  6686 | D:5      | Bought a red potion for 25 gold pieces
  6686 | D:5      | Bought a scroll labeled XIM LAREHI for 28 gold pieces
  6686 | D:5      | Bought a scroll labeled OBIS NEOTURAG for 28 gold pieces
  6686 | D:5      | Bought a scroll labeled AHASEFF JUUN for 28 gold pieces
  6686 | D:5      | Bought an emerald potion for 25 gold pieces
  6940 | D:6      | Found a glowing silver altar of Zin.
  7099 | D:6      | Got an ichor-stained leather armour
  7112 | D:6      | Identified the cursed +0 leather armour "Noci" {rN++ rCorr
                  | Dex-5 SInv} (You found it on level 6 of the Dungeon)
  7119 | D:6      | Found a sand-covered staircase.
  7128 | Ossuary  | Entered an ossuary
  7739 | D:6      | Reached XP level 8. HP: 46/52 MP: 18/18
  8994 | D:7      | Found a runed translucent gate.
  8994 | D:7      | Found a runed translucent gate.
  8994 | D:7      | Found a runed translucent gate.
  8994 | D:7      | Noticed pljop's ghost (novice DsMo)
  9201 | D:7      | Identified the cursed +1 robe of Poor Excuses {rElec Int-4
                  | Dex-5 Stlth+}
  9426 | D:7      | Noticed a slime creature
  9428 | D:7      | Noticed a slime creature
  9428 | D:7      | Noticed a slime creature
  9436 | D:7      | Noticed a slime creature
  9436 | D:7      | Killed a slime creature
  9436 | D:7      | Reached XP level 9. HP: 55/57 MP: 12/21
  9468 | D:6      | HP: 2/57 [slime creature (20)]
  9470 | D:6      | Demolished by a slime creature

Levels and vault maps discovered:
D:1:      nicolae_arrival_memento_mori, layout_loops_corners
D:2:      minmay_razor_zed, layout_basic,
          nicolae_gozag_cash_rules_everything_around_me, first_ration,
          nicolae_qazlal_general_emergency
D:3:      layout_loops_corners, marbit_many_paths,
          grunt_temple_overflow_cloverleaf, minmay_misc_feat_diagonals,
          uniq_jessica
D:4:      layout_basic
D:5:      layout_loops_cross, serial_shops, kennysheep_little_box,
          dk_noncrumbling_3, fedhas_altar_2
D:6:      layout_basic, zin_scriptorium, enter_ossuary_1
D:7:      layout_rooms, minmay_temple_entry_proselytizer,
          ebering_ghost_rock_garden

Skill      XL: |  1  2  3  4  5  6  7  8 |
---------------+-------------------------+-----
Summonings     | 5 6 7 8 |  8.9
Spellcasting   | 3 4 6 7 8 |  8.5
Air Magic      | 2 3 4 |  4.8
Dodging        | |  2.1
Stealth        | |  1.7

Action                   |  1- 3 |  4- 6 |  7- 9 || total
-------------------------+-------+-------+-------++-------
Melee: Unarmed           |     5 |     2 |       ||     7
       Dagger            |    55 |   130 |   146 ||   331
       Morningstar       |       |       |    23 ||    23
       Great mace        |       |       |     3 ||     3
Throw: Stone             |       |       |     2 ||     2
 Cast: Summon Small Mamm |    67 |    28 |       ||    95
       Call Imp          |     7 |    70 |    55 ||   132
       Call Canine Famil |       |    11 |    28 ||    39
       Summon Lightning  |       |       |    13 ||    13
 Abil: Hop               |       |     4 |     5 ||     9
Evoke: Wand              |       |       |     1 ||     1
  Use: Scroll            |       |    10 |     7 ||    17
       Potion            |       |     3 |     3 ||     6
 Stab: Sleeping          |     5 |     2 |       ||     7
  Eat: Chunk             |     3 |       |       ||     3
       Ration            |     1 |     5 |     4 ||    10
Armor: Robe              |    13 |    21 |       ||    34
       Skin              |       |     2 |     2 ||     4
       Leather armour    |       |       |    44 ||    44
Dodge: Dodged            |    54 |    99 |   115 ||   268

Table legend:
 A = Non-vault XP
 B = Vault XP
 C = Vault XP percentage of total XP
 D = Non-vault monster count
 E = Vault monster count
 F = Vault count percentage of total count
                 A         B        C        D         E       F
            +---------+---------+-------+---------+---------+-------
      Total |    2259 |     231 |   9.3 |     141 |      52 |  26.9
            +---------+---------+-------+---------+---------+-------
        D:1 |      26 |       0 |   0.0 |      25 |       0 |   0.0
        D:2 |      51 |      29 |  36.2 |      21 |      11 |  34.4
        D:3 |      87 |      26 |  23.0 |      20 |       2 |   9.1
        D:4 |     158 |       0 |   0.0 |      11 |       0 |   0.0
        D:5 |     442 |       0 |   0.0 |      22 |       0 |   0.0
        D:6 |     610 |       0 |   0.0 |      21 |       0 |   0.0
        D:7 |     885 |      21 |   2.3 |      21 |       1 |   4.5
    Ossuary |       0 |     155 | 100.0 |       0 |      38 | 100.0
            +---------+---------+-------+---------+---------+-------
